 Dungeon Crawl Stone Soup version 0.23-a0-407-g92528d7 (webtiles) character file.

16 sugabear the Cutter (level 2, -14/15 HPs)
             Began as a Vine Stalker Gladiator on Nov 7, 2018.
             Demolished by a gnoll
             ... wielding a +0 halberd
              (16 damage)
             ... on level 1 of the Dungeon.
             The game lasted 00:00:32 (360 turns).

sugabear the Cutter (Vine Stalker Gladiator)         Turns: 360, Time: 00:00:33

Health: -14/15     AC:  4    Str: 16    XL:     2   Next: 54%
Magic:  0/3        EV: 12    Int:  8    God:
Gold:   26         SH:  0    Dex: 15    Spells: 1/1 levels left

rFire    . . .     SeeInvis .   a - +0 rapier
rCold    . . .     Gourm    .   (no shield)
rNeg     . . .     Faith    .   b - +0 leather armour
rPois    .         Spirit   +   c - +0 helmet
rElec    .         Reflect  .   (no cloak)
rCorr    .         Harm     .   (no gloves)
MR       .....                  (no boots)
Stlth    +.........             (no amulet)
HPRegen  0.05/turn              (no ring)
MPRegen  0.08/turn              (no ring)

@: no status effects
A: fangs 2, magic shield, antimagic bite, no potion heal 3, rot immunity
a: no special abilities


You were on level 1 of the Dungeon.
You were not hungry.

You visited 1 branch of the dungeon, and saw 1 of its levels.

You collected 26 gold pieces.

Inventory:

Hand Weapons
 a - a +0 rapier (weapon)
 l - a +0 whip of venom
Missiles
 d - 2 throwing nets (quivered)
Armour
 b - a +0 leather armour (worn)
 c - a +0 helmet (worn)
Jewellery
 g - a cursed ring of attention {unknown}
Scrolls
 e - a scroll of teleportation {unknown}
 k - a scroll of identify {unknown}
 m - a scroll of immolation {unknown}
 o - a scroll of fear {unknown}
Potions
 h - 2 potions of experience {unknown}
 i - a potion of haste {unknown}
 j - a potion of lignification {unknown}
 n - a potion of degeneration {unknown}
Comestibles
 f - 2 rations


   Skills:
 + Level 2.0 Fighting
 + Level 3.1 Short Blades
 + Level 1.9 Throwing
 + Level 2.5 Dodging


You had one spell level left.
You didn't know any spells.
Your spell library was empty.

Dungeon Overview and Level Annotations

Branches:
Dungeon (1/15)

Altars:


Innate Abilities, Weirdness & Mutations

You have extremely sharp teeth.
When hurt, damage is shared between your health and your magic reserves.
Your bite disrupts and absorbs the magic of your enemies.
Potions cannot restore your health.
You are immune to rotting.


Message History

No target in view!
The rat is too close now for your liking.
No target in view!
No target in view!
A gnoll comes into view. It is wielding a +0 halberd.
A goblin comes into view. It is wielding a +0 dagger.
The goblin shouts!
The gnoll shouts!
Found a hand axe and a scroll labeled ZAG FUIRIAZIGA.
The gnoll hits you from afar with a +0 halberd!
Ouch! That really hurt!
* * * LOW HITPOINT WARNING * * *
Throwing (i - inventory)
d - 3 throwing nets (quivered)
Press: ? - help, Shift-Dir - straight line, f - gnoll
Aim: a gnoll, wielding a +0 halberd You throw a throwing net.
The throwing net closely misses the gnoll.
The gnoll hits you from afar with a +0 halberd!
Ouch! That really hurt!
You die...

#..#..#### #...
#..#..##..
#.....#####..#..##.#
#...........†#..##.#
#.# #####...##..##.#
#.# ##.###>#..##.##
# #)# ##.##
##(......#
#.#.####.##
##(###..# #(...g.@.#
#.# ##.##
#......####.# ##.#
#... #.##.... ....#
##.## #.#. ##.###
#.#.###..#####... #.
.#.............## ?.
# #........†.### ...
#.##.######.# ...
..##.# #.# .# .. .#
#.##.# #.#


You could see a gnoll.

Vanquished Creatures
  An ooze (D:1)
  3 goblins (D:1)
  A hobgoblin (D:1)
  4 kobolds (D:1)
  2 bats (D:1)
  A frilled lizard (D:1)
  A rat (D:1)
13 creatures vanquished.

Notes
Turn   | Place    | Note
-------+----------+-------------------------------------------
     0 | D:1      | sugabear the Vine Stalker Gladiator began the quest for the
                  | Orb.
     0 | D:1      | Reached XP level 1. HP: 11/11 MP: 2/2
   131 | D:1      | Reached skill level 3 in Short Blades
   131 | D:1      | Reached XP level 2. HP: 12/15 MP: 3/3
   360 | D:1      | Demolished by a gnoll

Vault maps used:
D:1:      saegor_arrival_simple_b, serial_park_tiny_pond

Skill      XL: |  1  2 |
---------------+-------+-----
Short Blades   | 3 |  3.1
Fighting       | 2 |  2.0
Throwing       | |  1.9
Dodging        | |  2.5

Action                   || total
-------------------------++-------
Melee: Rapier            ||    29
       Bite              ||     8
Throw: Throwing net      ||     1
 Stab: Sleeping          ||     1
Armor: Leather armour    ||     6
Dodge: Dodged            ||    24

Table legend:
 A = Non-vault XP
 B = Vault XP
 C = Vault XP percentage of total XP
 D = Non-vault monster count
 E = Vault monster count
 F = Vault count percentage of total count
                 A         B        C        D         E       F
            +---------+---------+-------+---------+---------+-------
      Total |      23 |       0 |   0.0 |      13 |       0 |   0.0
            +---------+---------+-------+---------+---------+-------
        D:1 |      23 |       0 |   0.0 |      13 |       0 |   0.0
            +---------+---------+-------+---------+---------+-------
